Map: Neon Violet Square LE

Players

SamuraiFunn - Winner!

  • Race: Protoss Protoss
  • Spawn Location: 11:00

A.I. 1 (Elite)

  • Race: Protoss Protoss
  • Spawn Location: 5:00

VOD

Have the link to the VOD?

Description

Time

  • Played on: Nov. 24, 2017, 3:18 p.m.
  • Length: 6:42
Show
View Real Time Build Order
Export as new Build Order

SamuraiFunn Protoss - Winner!

Build Orders: Dark Templar Rush 

Get SALT Encoding   

  12  0:01  Probe  
  13  0:13  Probe  
  14  0:20  Assimilator  
  14  0:25  Probe  
  15  0:29  Pylon  
  15  0:41  Assimilator  
  15  0:47  Probe  
  16  0:55  Gateway  
  16  0:59  Probe  
  17  1:07  Assimilator  
  17  1:11  Probe  
  18  1:23  Probe  
  19  1:35  Probe  
  20  1:44  Cybernetics Core  
  20  1:47  Zealot  
  22  2:03  Pylon  
  22  2:07  Probe  
  23  2:21  Probe, Nexus  
  24  2:25  Assimilator  
  24  2:26  Adept  
  26  2:32  Twilight Council  
  26  2:46  Probe  
  26  2:51  Pylon  
  27  2:58  Probe  
  28  3:05  Warp Gate (Chrono Boost)  
  28  3:14  Dark Shrine  
  28  3:16  Probe  
  29  3:22  Pylon  
  29  3:28  Gateway  
  29  3:31  Gateway  
  29  3:33  Gateway  
  29  3:36  Probe  
  30  3:47  Probe  
  31  3:49  Probe  
  32  4:03  Probe x2  
  32  4:07  Assimilator  
  34  4:13  Pylon  
  34  4:19  Probe x2  
  36  4:41  Pylon  
  36  4:43  Probe x2  
  38  4:55  Probe x2  
  40  5:00  Dark Templar x4  
  48  5:18  Probe x2  
  48  5:20  Gateway  
  50  5:22  Gateway  
  50  5:24  Gateway  
  50  5:34  Dark Templar x3  
  56  6:05  Dark Templar  
  58  6:13  Dark Templar x3  
  64  6:28  Dark Templar x3  
Show
View Real Time Build Order
Export as new Build Order

A.I. 1 (Elite) Protoss 

Build Orders: Blink Stalkers, Zealot Archon 

Get SALT Encoding   

  12  0:00  Probe  
  13  0:13  Probe  
  14  0:22  Pylon  
  14  0:25  Probe  
  15  0:40  Probe  
  16  0:47  Assimilator  
  16  0:50  Gateway  
  16  0:52  Probe  
  17  1:00  Pylon  
  17  1:04  Probe  
  18  1:16  Probe  
  19  1:28  Probe  
  20  1:38  Assimilator, Zealot  
  22  1:40  Probe  
  22  1:41  Cybernetics Core  
  23  1:52  Probe  
  24  2:04  Probe  
  25  2:12  Pylon  
  25  2:16  Probe  
  25  2:18  Warp Gate  
  25  2:20  Stalker  
  28  2:26  Twilight Council  
  28  2:28  Probe  
  29  2:37  Gateway  
  29  2:41  Probe  
  30  2:50  Stalker  
  32  2:53  Probe  
  33  3:04  Blink  
  33  3:11  Gateway  
  33  3:20  Stalker  
  33  3:24  Pylon  
  35  3:30  Stalker  
  35  3:33  Probe  
  38  3:45  Probe  
  38  3:50  Stalker  
  40  3:57  Probe  
  40  4:00  Stalker x2  
  45  4:09  Pylon  
  45  4:27  Zealot  
  47  4:34  Nexus  
  47  4:40  Adept  
  49  4:46  Adept  
  51  4:53  Stalker  
  53  5:03  Templar Archives  
  53  5:13  Pylon  
  53  5:36  Pylon  
  53  5:39  High Templar x2  
  57  5:47  Archon, Zealot  
  55  6:00  Nexus  
Tags
 
Add a new tag
Caveats
  • Supply blocks, unpowered buildings, or Contaminate may cause inaccurate times.
  • Supply counts are checked every 10 seconds.